 Dungeon Crawl Stone Soup version 0.26-a0-966-gd078a86f14 (webtiles) character file.

Game seed: 5817160389361639755

46 marklar909 the Sneak (level 3, 0/36 HPs)
             Began as a Troll Delver on Dec 4, 2020.
             Slain by Grinder (4 damage)
             ... on level 4 of the Dungeon.
             The game lasted 00:00:25 (160 turns).

marklar909 the Sneak (Troll Delver)                  Turns: 160, Time: 00:00:26

Health: 0/36       AC:  6    Str: 20    XL:     3   Next: 46%
Magic:  2/2        EV: 10    Int:  6    God:
Gold:   0          SH:  0    Dex: 12    Spells: 2/2 levels left

rFire    . . .     SeeInvis .     - Unarmed
rCold    . . .     Faith    .   (no shield)
rNeg     . . .     Spirit   .   a - +0 robe
rPois    .         Reflect  .   (helmet restricted)
rElec    .         Harm     .   (no cloak)
rCorr    .         Rampage  .   (gloves unavailable)
MR       .....                  (boots unavailable)
Stlth    ++........             (no amulet)
HPRegen  0.52/turn              (no ring)
MPRegen  0.08/turn              (no ring)

@: hasted, very quick
A: large, unfitting armour, claws 3, regeneration 1, shaggy fur 1, tough skin 3
a: no special abilities


You were on level 4 of the Dungeon.
You visited 1 branch of the dungeon, and saw 2 of its levels.

Inventory:

Armour
 a - a +0 robe (worn)
Jewellery
 g - an uncursed ring of magical power {unknown}
Wands
 f - a wand of digging (3)
Scrolls
 b - a scroll of fog
 c - a scroll of magic mapping
 h - a scroll of remove curse {unknown}


   Skills:
 + Level 2.6 Fighting
 + Level 1.7 Dodging
 + Level 3.3 Stealth
 + Level 2.1 Unarmed Combat


You had 2 spell levels left.
You didn't know any spells.
Your spell library was empty.

Dungeon Overview and Level Annotations

Branches:
Dungeon (5/15)
 Temple: D:4-7

Altars:

Annotations:
D:4 Grinder


Innate Abilities, Weirdness & Mutations

You are too large for most types of armour.
You have claws for hands.
Your natural rate of healing is unusually fast.
You are covered in fur. (AC +1)
You have extremely tough skin. (AC +3)


Message History

Pain shoots through your body!
Unknown command.
An ogre comes into view. It is wielding a +0 giant spiked club.
You closely miss Grinder. Grinder hits you.
* * * LOW HITPOINT WARNING * * *
Unknown command.
The ogre shouts!
You claw Grinder!
Grinder is moderately wounded.
You aren't carrying any potions.
Unknown command.
You barely miss Grinder.
Grinder is moderately wounded.
Grinder hits you but does no damage.
You claw Grinder!
Grinder is heavily wounded.
Grinder hits you.
* * * LOW HITPOINT WARNING * * *
You writhe in agony.
You die...

#.. #. .....B
..##. ......#
.$.. ......# #
#.... ......#
#.#...# .....
##.#..?##.#.##
.h...O5#.....#
#...@.....#
#........>##
#............
#.....##.....
##.#### .####
#.#####.#
#..>....#
#########


You could see Grinder (resistant), an ogre, a howler monkey (fleeing) and a
worker ant (fleeing).

Vanquished Creatures
  A scorpion (D:5)
  A frilled lizard (D:5)
2 creatures vanquished.

Notes
Turn   | Place    | Note
-------+----------+-------------------------------------------
     0 | D:5      | marklar909 the Troll Delver began the quest for the Orb.
     0 | D:5      | Reached XP level 1. HP: 22/22 MP: 0/0
    66 | D:5      | Noticed a scorpion
    75 | D:5      | Killed a scorpion
    76 | D:5      | Reached skill level 3 in Stealth
    76 | D:5      | Reached XP level 2. HP: 23/29 MP: 1/1
    76 | D:5      | Reached XP level 3. HP: 28/36 MP: 2/2
   147 | D:4      | Noticed Grinder
   156 | D:4      | Noticed an ogre
   160 | D:4      | Slain by Grinder

Illustrated notes

Levels and vault maps discovered:
D:4:      layout_loops_cross, uniq_sigmund, uniq_duvessa, uniq_grinder,
          uniq_ijyb, uniq_natasha
D:5:      layout_basic, minmay_temple_entry_wispy, serial_corexii_hall,
          corexii_hall_statues_s, chequers_hall_statues_wall_a

Skill      XL: |  1 |
---------------+----+-----
Stealth        | 3 |  3.3
Fighting       | |  2.6
Dodging        | |  1.7
Unarmed Combat | |  2.1

Action                   || total
-------------------------++-------
Melee: Unarmed           ||    17
  Use: Scroll            ||     1
       Potion            ||     1
 Stab: Sleeping          ||     1
Armor: Robe              ||     3
Dodge: Dodged            ||     5

Table legend: (Time is in decaauts)
 A = Elapsed time spent in this place.
 B = Non-inter-level travel time spent in this place.
 C = Inter-level travel time spent in this place.
 D = Time resting spent in this place.
 E = Time spent auto-exploring this place.
 F = Levels seen in this place.
 G = Mean time per level.
                   A        B        C        D        E       F      G
               +--------+--------+--------+--------+--------+-----+--------+
         Total |    157 |    151 |      6 |      0 |    115 |   2 |   78.5 |
       Dungeon |    157 |    151 |      6 |      0 |    115 |   2 |   78.5 |
               +--------+--------+--------+--------+--------+-----+--------+

Top non-repeatable levels by time:
     D:5: 140 daAuts
     D:4: 16 daAuts
